 Dungeon Crawl Stone Soup version 0.24.0-13-gcf9b3192b9 (webtiles) character file.

Game seed: 10138593376080336028, levelgen mode: deterministic

58 sking99 the Chopper (level 4, -1/41 HPs)
             Began as a Hill Orc Monk on Nov 9, 2019.
             Slain by a gnoll
             ... wielding a +0 flail
              (3 damage)
             ... on level 2 of the Dungeon.
             The game lasted 00:01:34 (1292 turns).

sking99 the Chopper (Hill Orc Monk)                 Turns: 1292, Time: 00:01:34

Health: -1/41      AC:  5    Str: 14    XL:     4   Next: 2%
Magic:  4/4        EV: 11    Int: 10    God:
Gold:   36         SH:  4    Dex: 13    Spells: 3/3 levels left

rFire    . . .     SeeInvis .   a - +0 hand axe
rCold    . . .     Gourm    .   i - +0 buckler
rNeg     . . .     Faith    .   e - +0 ring mail
rPois    .         Spirit   .   (no helmet)
rElec    .         Reflect  .   (no cloak)
rCorr    .         Harm     .   (no gloves)
MR       .....                  (no boots)
Stlth    +.........             (no amulet)
HPRegen  0.13/turn              (no ring)
MPRegen  0.09/turn              (no ring)

@: no status effects
A: no striking features
a: no special abilities


You were on level 2 of the Dungeon.
You were not hungry.

You visited 1 branch of the dungeon, and saw 2 of its levels.

You collected 36 gold pieces.

Inventory:

Hand Weapons
 a - a +0 hand axe (weapon)
Armour
 b - a +0 robe
 e - a +0 ring mail (worn)
 i - a +0 buckler (worn)
Scrolls
 f - 2 scrolls of fear {unknown}
 j - a scroll of identify {unknown}
 l - a scroll of teleportation {unknown}
Potions
 d - a potion of flight {unknown}
 g - a potion of degeneration {unknown}
 h - a potion of resistance {unknown}
 m - a potion of might {unknown}
Comestibles
 c - a ration
 k - 3 chunks of flesh


   Skills:
 + Level 4.3 Fighting
 * Level 5.5 Axes
 - Level 2.4 Dodging
 - Level 1.5 Stealth
 + Level 1.1 Shields


You had 3 spell levels left.
You didn't know any spells.
Your spell library was empty.

Dungeon Overview and Level Annotations

Branches:
Dungeon (1/15)

Altars:


Message History

You barely miss the hobgoblin. You closely miss the gnoll. You hit the gnoll.
The hobgoblin hits you but does no damage.
The gnoll hits you with a +0 spear.
* * * LOW HITPOINT WARNING * * *
The gnoll misses you.
You barely miss the hobgoblin. You closely miss the gnoll. You hit the gnoll.
You kill the gnoll!
Your Shields skill increases to level 1!
You have reached level 4!
The hobgoblin hits you.
* * * LOW HITPOINT WARNING * * *
The gnoll hits you with a +0 flail.
* * * LOW HITPOINT WARNING * * *
The gnoll shouts!
You hit the hobgoblin but do no damage. You hit the gnoll but do no damage.
You block the hobgoblin's attack.
You hit the hobgoblin.
You kill the hobgoblin!
You hit the gnoll. The gnoll hits you with a +0 flail.
You die...

#.....# #.#
#.....# #.# #
####### #.# #.
#.# #.. #.# #...
##### #.# #...g
.$.# #.#
#.....###?###.#
#..)@†?....####
..#
###g##.#.#....#
#..# #.
#.#.####.# #..#
#. #.#.# #.#
#..# #.
#.#.####.###..#
#.
#........>##'#
..
#...####.#<..###
##
#..............#
#########.#.#


You could see 2 gnolls.

Vanquished Creatures
  A gnoll (D:2)
  2 adders (D:2)
  A worm (D:2)
  2 dart slugs (D:2)
  A leopard gecko (D:1)
  3 bats
  A giant cockroach (D:1)
  A goblin (D:1)
  4 hobgoblins
  3 jackals (D:1)
  A ball python (D:2)
  2 frilled lizards (D:1)
  A kobold (D:1)
23 creatures vanquished.

Notes
Turn   | Place    | Note
-------+----------+-------------------------------------------
     0 | D:1      | sking99 the Hill Orc Monk began the quest for the Orb.
     0 | D:1      | Reached XP level 1. HP: 19/19 MP: 1/1
   236 | D:1      | Reached XP level 2. HP: 27/27 MP: 2/2
   595 | D:1      | You fall into a shaft and drop 1 floor!
   833 | D:2      | Reached skill level 5 in Axes
   833 | D:2      | Reached XP level 3. HP: 33/33 MP: 3/3
  1290 | D:2      | Reached skill level 1 in Shields
  1290 | D:2      | Reached XP level 4. HP: 10/41 MP: 4/4
  1290 | D:2      | HP: 2/41 [gnoll/+0 flail (4)]
  1292 | D:2      | Slain by a gnoll

Levels and vault maps discovered:
D:1:      minmay_arrival_solitary_statue, layout_basic, grunt_decor_fettered,
          minmay_misc_feat_rugged
D:2:      minmay_chambers_of_twos, layout_basic,
          chequers_ecumenical_altar_simple_redux

Skill      XL: |  1  2  3 |
---------------+----------+-----
Fighting       | 4 |  4.3
Axes           | 5 |  5.5
Shields        | 1 |  1.1
Dodging        | |  2.4
Stealth        | |  1.5

Action                   |  1- 3 |  4- 6 || total
-------------------------+-------+-------++-------
Melee: Hand axe          |    98 |     2 ||   100
  Eat: Chunk             |     1 |       ||     1
Armor: Robe              |     3 |       ||     3
       Ring mail         |    38 |       ||    38
Dodge: Dodged            |    83 |       ||    83
Block: Buckler           |     4 |     1 ||     5
